 Dungeon Crawl Stone Soup version 0.29-a0-555-g3b24f45cc1 (webtiles) character file.

Game seed: 981139604353683931

2292 jlumianski the Chopper (level 9, -7/48 HPs)
             Began as a Gargoyle Fighter on June 8, 2022.
             Was a Believer of Hepliaklqana.
             Mangled by an orc warrior
             ... wielding a +0 glaive
              (14 damage)
             ... in a bailey.
             The game lasted 00:24:05 (6669 turns).

jlumianski the Chopper (Gargoyle Fighter)           Turns: 6669, Time: 00:24:05

Health: -7/48      AC: 25    Str: 25    XL:     9   Next: 40%
Magic:  9/9        EV:  8    Int:  8    God:    Hepliaklqana [**....]
Gold:   286        SH:  4    Dex:  9    Spells: 8/8 levels left

rFire   . . .      SeeInvis .   a - +0 war axe (vorpal)
rCold   . . .      Faith    .   c - +0 buckler
rNeg    + . .      Spirit   .   l - +0 chain mail
rPois   ∞          Reflect  .   i - +2 helmet
rElec   +          Harm     .   w - +0 cloak
rCorr   .          Rampage  .   (no gloves)
Will    .....                   o - +2 pair of boots
Stlth   ..........              (no amulet)
HPRegen 0.16/turn               (no ring)
MPRegen 0.11/turn               (no ring)

@: no status effects
A: reduced essence, sickness immunity, AC +6, negative energy resistance 1,
electricity resistance, torment resistance 1, petrification resistance
a: Renounce Religion, Recall Ancestor, Ancestor Identity


You were in a bailey.
You worshipped Hepliaklqana.
Hepliaklqana was pleased with you.
You visited 1 branch of the dungeon, and saw 7 of its levels.
You also visited: Bailey.

You collected 286 gold pieces.

Inventory:

Hand Weapons
 a - a +0 vorpal war axe (weapon)
 t - a +2 whip of flaming
 v - a +3 quarterstaff of chaos
 C - a +1 trident of protection
 D - a +4 spear of pain
Missiles
 f - 128 stones
 h - 11 poisoned darts (quivered)
 u - 8 boomerangs
Armour
 b - a +0 scale mail
 c - a +0 buckler (worn)
 i - a +2 helmet (worn)
 l - a +0 chain mail (worn)
 o - a +2 pair of boots (worn)
 r - the +2 leather armour "Lostra Wirro" {rN+}
   (You found it on level 4 of the Dungeon)

   rN:        It protects you from negative energy.
 w - a +0 cloak (worn)
Scrolls
 e - 2 scrolls of teleportation
 j - a scroll of vulnerability
 k - 2 scrolls of fog
 q - a scroll of immolation
 x - a scroll of amnesia
 y - 4 scrolls of magic mapping
 A - a scroll of blinking
 E - a scroll of brand weapon
Potions
 d - 3 potions of heal wounds
 g - 3 potions of ambrosia
 m - 2 potions of lignification
 n - 2 potions of curing
 p - a potion of might
 s - a potion of flight
 z - a potion of haste
 B - a potion of berserk rage {unknown}


   Skills:
 + Level 5.5 Fighting
 + Level 7.9 Axes
 + Level 0.1 Throwing
 + Level 7.3 Armour
 + Level 2.0 Dodging
 * Level 2.4 Stealth
 + Level 5.2 Shields
 * Level 0.2 Invocations


You had 8 spell levels left.
You didn't know any spells.
Your spell library contained the following spells:

 Spells                   Type           Power      Damage    Failure   Level
 Ensorcelled Hibernation  Hex/Ice        0%         N/A       99%         2
 Passwall                 Tmut/Erth      0%         N/A       99%         2
 Swiftness                Air            0%         N/A       100%        3


Dungeon Overview and Level Annotations

Branches:
Dungeon (7/15)             Temple (0/1) D:7          Bailey (1/1)

Altars:
Elyvilon
Hepliaklqana
Uskayaw

Shops:
D:3 =

Annotations:
D:6 2 runed translucent doors


Innate Abilities, Weirdness & Mutations

Your life essence is reduced to manifest your ancestor. (-10% HP)
You are immune to sickness and miasma.
Your stone body is resilient. (AC +6)
You are immune to poison.
You resist negative energy. (rN+)
You are resistant to electric shocks. (rElec)
You are resistant to unholy torment.
You are immune to petrification.


Message History

HP restored.
Things that are here:
a +0 halberd; a +0 scale mail; an orc corpse
Things that are here:
a +0 trident; a +0 ring mail
Things that are here:
a +0 trident; a +0 ring mail
Things that are here:
a +0 trident; a +0 scale mail
Things that are here:
a +0 halberd; a +0 ring mail You open the door. 4 orc warriors come into view.
The orc warrior shouts! x3; You hear a shout!
An orc knight comes into view. It is wielding a +0 trident.
Found a gate leading back out of this place.
There is an open door here.
The orc warrior barely misses you. The orc warrior misses you.
Teicuih points at the orc warrior and mumbles some strange words.
The stone arrow hits the orc warrior!
The orc warrior hits you with a +0 glaive!
The orc knight roars a battlecry!
The orc warriors go into a battle-frenzy!
The orc warrior hits you but does no damage.
There is an open door here.
The orc warrior hits you from afar with a +0 spear.
The orc warrior hits you with a +0 glaive!
You barely miss the orc warrior.
The orc warrior hits you but does no damage.
The orc warrior hits you with a +0 glaive!
* * * LOW HITPOINT WARNING * * *
The orc warrior closely misses Teicuih.
The orc warrior hits you but does no damage.
Teicuih casts a spell at the orc warrior.
The stone arrow hits the orc warrior!
The orc warrior attacks as you move away!
The orc warrior hits you but does no damage.
The orc warrior hits Teicuih from afar with a +0 spear!!
The orc warrior hits you from afar with a +0 glaive!
You die...

########### ##.........##
##..≈≈≈≈≈≈≈..##
##..≈≈..)..≈≈..##
#####..≈≈..###))))..##########
......≈≈..## ##..≈≈..........#
≈≈≈≈≈≈≈..##.∩.##..≈≈≈≈≈≈≈≈≈≈.#
))......##.....##..........≈.#
############+###@#########.≈.#
# ........# ##.≈.# ##
§≈≈≈≈≈R≈o.# ##..≈.# .##
≈≈...oo§≈o.## ##..≈≈.# ..#
§..⌠∩⌠..o...#'#..≈≈.∩# ..#+#
§...⌠...§≈..#'#..)≈.## .##.##
≈≈.....≈≈..##.##.)≈≈.# ##.$.#
.≈≈≈.§§≈..##...##..≈.# #.$$$.#
.........#+.....##.≈.#


You could see the friendly Teicuih the battlemage, an orc knight and 4 orc
warriors.

Vanquished Creatures
  Grinder (D:3)
  Sigmund (D:3)
  The ghost of valliere the Conjurer, an amateur DECj (D:4)
  A steam dragon (D:6)
  A black bear (D:6)
  A phantom (D:5)
  A gnoll sergeant (D:4)
  3 scorpions
  3 wights
  5 killer bees (D:4)
  Crazy Yiuf (D:3)
  A hound (D:4)
  A jelly (D:4)
  2 orc priests (D:4)
  Terence (D:3)
  4 iguanas
  An orc wizard (D:3)
  Robin (D:3)
  16 gnolls
  3 adders
  A shadow imp (D:5)
  4 worms
  4 dart slugs
  11 orcs
  8 endoplasms
  2 giant cockroaches (D:3)
  13 goblins
  6 hobgoblins
  2 jackals (D:3)
  2 quokkas
  2 ball pythons
  4 bats
  3 frilled lizards (D:1)
  5 kobolds
  2 rats (D:2)
  A spectral goblin (D:3)
119 creatures vanquished.

Vanquished Creatures (collateral kills)
  A water moccasin (D:6)
  A gnoll sergeant (D:5)
  A gnoll shaman (D:6)
  5 gnolls
  13 orcs
  A ball python (D:4)
22 creatures vanquished.

Vanquished Creatures (others)
  A battlemage (D:7)
  2 ancestors
3 creatures vanquished.

Grand Total: 144 creatures vanquished

Notes
Turn   | Place    | Note
-------+----------+-------------------------------------------
     0 | D:1      | jlumianski the Gargoyle Fighter began the quest for the
                  | Orb.
     0 | D:1      | Reached XP level 1. HP: 14/14 MP: 1/1
    51 | D:1      | Found a faded altar of an unknown god.
   210 | D:1      | Reached XP level 2. HP: 19/19 MP: 2/2
   516 | D:3      | Noticed Grinder
  1375 | D:2      | Reached XP level 3. HP: 23/23 MP: 3/3
  1999 | D:3      | Noticed Sigmund
  2012 | D:3      | Noticed Terence
  2014 | D:3      | Killed Sigmund
  2015 | D:3      | Reached XP level 4. HP: 14/29 MP: 4/4
  2015 | D:3      | Reached XP level 5. HP: 17/33 MP: 5/5
  2025 | D:3      | Killed Terence
  2026 | D:3      | Reached XP level 6. HP: 21/38 MP: 6/6
  2165 | D:3      | Paralysed by Grinder for 2 turns
  2182 | D:3      | Paralysed by Grinder for 5 turns
  2203 | D:3      | Paralysed by Grinder for 2 turns
  2205 | D:3      | Killed Grinder
  2263 | D:3      | Reached XP level 7. HP: 43/43 MP: 7/7
  2305 | D:3      | Reached skill level 5 in Armour
  2420 | D:3      | Found a runed translucent door.
  2421 | D:3      | Noticed Crazy Yiuf
  2538 | D:3      | Noticed Robin
  2568 | D:3      | Killed Robin
  2569 | D:3      | Reached skill level 5 in Axes
  2739 | D:3      | Found a hazy altar of Hepliaklqana.
  2763 | D:3      | Became a worshipper of Hepliaklqana the Forgotten
  2822 | D:3      | Found Okeaneqe's Jewellery Emporium.
  2857 | D:4      | Identified the +2 leather armour "Lostra Wirro" {rN+}
  2890 | D:5      | Entered Level 5 of the Dungeon
  3016 | D:4      | Reached skill level 1 in Dodging
  3499 | D:3      | Killed Crazy Yiuf
  3672 | D:5      | Reached skill level 1 in Stealth
  3711 | D:4      | Reached XP level 8. HP: 40/48 MP: 8/8
  3914 | D:4      | Found a runed translucent door.
  4108 | D:4      | Reached * piety under Hepliaklqana
  4772 | D:4      | Noticed valliere's ghost (amateur DECj)
  4785 | D:4      | Killed valliere's ghost
  4786 | D:4      | Reached skill level 5 in Fighting
  4893 | D:5      | Reached skill level 5 in Shields
  5335 | D:4      | Reached XP level 9. HP: 41/48 MP: 9/9
  5543 | D:5      | Found a white marble altar of Elyvilon.
  5607 | D:5      | Reached ** piety under Hepliaklqana
  5608 | D:5      | Remembered your ancestor Teicuih as a battlemage
  5666 | D:6      | Found a hide-covered altar of Uskayaw.
  6120 | D:6      | Found a large runed translucent door.
  6121 | D:6      | Found a large runed translucent door.
  6478 | D:7      | Found a flagged portal.
  6487 | Bailey   | Entered a bailey
  6661 | Bailey   | Noticed an orc knight
  6669 | Bailey   | Mangled by an orc warrior

Illustrated notes

Levels and vault maps discovered:
D:1:      minmay_arrival_four_houses, layout_basic,
          hellmonk_ecumenical_altar_slurped_away
D:2:      layout_basic
D:3:      layout_basic, nicolae_hepliaklqana_monster_ancestors, serial_shops,
          shop, serial_glass, glass_columns_c, glass_columns_b,
          due_unseen_surprise, uniq_terence, uniq_robin, uniq_grinder,
          uniq_sigmund, uniq_crazy_yiuf_cottage
D:4:      layout_cave_pods, ebering_ghost_reflecting_pool
D:5:      layout_loops_ring, mainiacjoe_overflow_alcove_2, minmay_statues_item
D:6:      layout_cave_pods, jmf_multi_god_temple2,
          grunt_temple_overflow_diamond, eat_drink_and_be_merry_uskayaw
D:7:      layout_basic, minmay_temple_entry_wispy, enter_bailey_8,
          hangedman_decor_slide_cut
Bailey:   bailey_polearm_1, bailey

Skill      XL: |  1  2  3  4  5  6  7  8  9 |
---------------+----------------------------+-----
Axes           | 2 3 4 5 7 |  7.9
Fighting       | 4 5 |  5.5
Armour         | 4 5 6 7 |  7.3
Shields        | 4 5 |  5.2
Dodging        | 1 2 |  2.0
Stealth        | 1 2 |  2.4
Throwing       | |  0.1
Invocations    | |  0.2

Action                   |  1- 3 |  4- 6 |  7- 9 || total
-------------------------+-------+-------+-------++-------
Melee: War axe           |    95 |    32 |   264 ||   391
Throw: Stone             |       |     2 |       ||     2
       Dart              |       |       |     1 ||     1
Invok: Ancestor Life: Ba |       |       |     1 ||     1
  Use: Scroll            |    12 |     1 |     4 ||    17
       Potion            |     2 |       |     2 ||     4
 Stab: Distracted        |       |       |     2 ||     2
Armor: Scale mail        |    24 |       |       ||    24
       Chain mail        |    22 |    25 |   204 ||   251
Dodge: Dodged            |    39 |    10 |   116 ||   165
Block: Buckler           |    13 |     5 |    67 ||    85

Table legend: (Time is in decaauts)
 A = Elapsed time spent in this place.
 B = Non-inter-level travel time spent in this place.
 C = Inter-level travel time spent in this place.
 D = Time resting spent in this place.
 E = Time spent auto-exploring this place.
 F = Levels seen in this place.
 G = Mean time per level.
                   A        B        C        D        E       F      G
               +--------+--------+--------+--------+--------+-----+--------+
         Total |   6814 |   6643 |    171 |    586 |   3757 |   8 |  851.8 |
       Dungeon |   6625 |   6454 |    171 |    586 |   3721 |   7 |  946.4 |
        Bailey |    189 |    189 |      0 |      0 |     36 |   1 |  189.0 |
               +--------+--------+--------+--------+--------+-----+--------+

Top non-repeatable levels by time:
     D:3: 1511 daAuts
     D:4: 1443 daAuts
     D:5: 1141 daAuts
     D:1: 996 daAuts
     D:2: 996 daAuts
     D:6: 472 daAuts
  Bailey: 189 daAuts
     D:7: 62 daAuts
